[Event "Team 45 45 League T28"]
[Site "Free Internet Chess Server"]
[Date "2005.10.16"]
[Round "5"]
[White "wekabird"]
[Black "KlassAct"]
[Result "0-1"]
[WhiteElo "1397"]
[BlackElo "1395"]
[TimeControl "2700+45"]

1. d4 Nf6 2. Nf3 g6 3. e3 Bg7 4. Bd3 O-O 5. O-O d6 6. h3 Nbd7 7. Re1 e5 8. dxe5 dxe5 9. e4 Nh5 10. Bg5 Qe8 11. Nc3 h6 12. Be3 Qd8 13. Nd5 c6 14. Nc3 Nf4 15. Bxf4 exf4 16. Qd2 Qf6 17. Rab1 Ne5 18. Qe2 Be6 19. Nxe5 Qxe5 20. Qf3 g5 21. Ne2 Kh8 22. c3 Rad8 23. b3 Rd6 24. Rbd1 Rfd8 25. Nd4 Qa5 26. Nxe6 fxe6 27. Bb1 Qxc3 28. Qxc3 Bxc3 29. Rxd6 Rxd6 30. Rc1 Bd4 31. Re1 e5 32. Rf1 b5 33. Kh2 c5 34. f3 Rc6 35. g3 c4 36. bxc4 bxc4 37. gxf4 gxf4 38. Rg1 c3 39. Bc2 Rb6 40. Rg4 Rb2 41. Rg2 Rxa2 42. Bb3 Rxg2+ 43. Kxg2 Kg7 44. Kf1 Kf6 45. Ke2 Kg5 46. Be6 Kh4 47. Kd3 Kg3 48. Bg4 a5 49. Kc2 Kf2 50. h4 Ke2 51. h5 a4 52. Bd7 a3 53. Bb5+ Kxf3 54. Bd3 Ke3 55. Kb3 Kxd3 56. Kxa3 Kd2 57. Kb3 c2   {White resigns} 0-1

[Event "Team 45 45 League T28"]
[Site "Free Internet Chess Server"]
[Date "2005.10.15"]
[Round "5"]
[White "jerryrab"]
[Black "DavidPayne"]
[Result "0-1"]
[WhiteElo "1366"]
[BlackElo "1354"]
[TimeControl "2700+45"]

1. f4 e6 2. Nf3 d5 3. e3 Nf6 4. Nc3 Bb4 5. a3 Bxc3 6. dxc3 O-O 7. Bd3 Nbd7 8. b4 a5 9. Bb2 axb4 10. axb4 Rxa1 11. Qxa1 c5 12. c4 dxc4 13. Bxc4 cxb4 14. Qa4 Qe7 15. O-O Nb6 16. Qb5 Nxc4 17. Qxc4 Bd7 18. c3 bxc3 19. Bxc3 Rc8 20. Qb3 Ne4 21. Bb4 Qd8 22. Ne5 f6 23. Nc4 Bb5 24. Ba5 Bxc4 25. Bxd8 Bxb3 26. Bb6 Rc6 27. Bd4 b5 28. Rb1 Nd2 29. Rb2 Rc2 30. Rxc2 Bxc2 31. Bc3 Nc4 32. Kf2 Nb6 33. Ke2 Na8 34. Kd2 Ba4 35. e4 Nc7 36. Ba5 Na6 37. Bc3 b4 38. Bd4 b3 39. Kc3 Kf7 40. Kb2 e5 41. fxe5 fxe5 42. Be3 Kf6 43. h4 h5 44. Bg5+ Ke6 45. Be3 Bc6 46. Kxb3 Bxe4 47. g3 Kf5 48. Kc4 Kg4 49. Bf2 Bf5 50. Kb5 Nc7+ 51. Kc6 Ne6 52. Kd5 e4 53. Ke5 g6 54. Kd5 Kf3 55. Be1 e3 56. Kc4 Ke2 57. g4 Bxg4 58. Bg3 Kf3 59. Be5 e2 60. Bc3 Kf2   {White resigns} 0-1

[Event "Team 45 45 League T28"]
[Site "Free Internet Chess Server"]
[Date "2005.10.17"]
[Round "5"]
[White "threeNT"]
[Black "bahus"]
[Result "1-0"]
[WhiteElo "1763"]
[BlackElo "1822"]
[TimeControl "2700+45"]

1. e4 e5 2. Nf3 Nf6 3. Nxe5 d6 4. Nf3 Nxe4 5. d4 d5 6. Bd3 Nc6 7. O-O Be7 8. Re1 Bg4 9. c4 O-O 10. cxd5 Nxf2 11. Kxf2 Nxd4 12. Bxh7+ Kxh7 13. Qxd4 Bf5 14. g4 Bh4+ 15. Kf1 Bxe1 16. gxf5 Ba5 17. Ng5+ Kg8 18. Qh4 Re8 19. Qh7+ Kf8 20. Nc3 Bxc3 21. bxc3 Qxd5 22. Ba3+ c5 23. Qh5 Qxf5+ 24. Kg1 g6 25. Qh4 Re5 26. Qh8+ Ke7 27. Qxa8 Qxg5+ 28. Kh1 Re2 29. Qxb7+ Kf8 30. Rf1 f6 31. Qa8+ Kg7 32. Qxa7+ Kh8 33. Qa8+ Kg7 34. Qb7+ Kh8 35. Rd1 Rxh2+ 36. Kxh2 Qh5+ 37. Kg3 Qxd1 38. Qc8+ Kg7 39. Qc7+ Kg8 40. Qxc5 Qd3+ 41. Kf2 Qd2+ 42. Kf3 Qd3+ 43. Qe3 Qf1+ 44. Kg3 Qb5 45. Qe6+ Kg7 46. Qe7+ Kh6 47. Bc1+ g5 48. Qxf6+ Kh7 49. Qxg5 Qd3+ 50. Qe3 Qd6+ 51. Kf3 Qd1+ 52. Ke4 Qc2+ 53. Ke5 Qxa2 54. Qh6+ Kg8 55. Qg6+ Kf8 56. Bh6+ Ke7 57. Bg5+ Kd7 58. Qd6+ Kc8 59. Qe6+   {Black resigns} 1-0

[Event "Team 45 45 League T28"]
[Site "Free Internet Chess Server"]
[Date "2005.10.15"]
[Round "5"]
[White "javamanissa"]
[Black "FusterCluck"]
[Result "1/2-1/2"]
[WhiteElo "1808"]
[BlackElo "1646"]
[TimeControl "2700+45"]

1. e4 c6 2. d4 d5 3. exd5 cxd5 4. Nf3 Nf6 5. Bd3 Nc6 6. c3 Bg4 7. Bf4 e6 8. Nbd2 Bd6 9. Bxd6 Qxd6 10. O-O O-O 11. Re1 Rfe8 12. Qc2 h6 13. h3 Bxf3 14. Nxf3 Rac8 15. Re3 Nb4 16. Qd2 Nxd3 17. Qxd3 Qb6 18. Re2 Ne4 19. Ne5 Rc7 20. Qf3 Nd6 21. Rc1 Nc4 22. b3 Nxe5 23. Rxe5 Qa5 24. Re2 Rec8 25. Rec2 b5   {Game drawn by mutual agreement} 1/2-1/2

[Event "Team 45 45 League T28"]
[Site "Free Internet Chess Server"]
[Date "2005.10.15"]
[Round "5"]
[White "thelovegambit"]
[Black "LLIAMAH"]
[Result "1-0"]
[WhiteElo "1606"]
[BlackElo "1729"]
[TimeControl "2700+45"]

1. d4 Nf6 2. Nf3 d5 3. c4 dxc4 4. Nc3 e6 5. e4 Be7 6. Bxc4 O-O 7. O-O c6 8. Bg5 b5 9. Bd3 Na6 10. a3 b4 11. Ne2 Bb7 12. Nf4 h6 13. Bxf6 Bxf6 14. Qa4 Nc7 15. Qxb4 Rb8 16. Qc3 Nb5 17. Bxb5 cxb5 18. Qd3 Bg5 19. Ne2 Qe7 20. Nc3 a6 21. d5 Rfd8 22. Rfd1 Bf6 23. e5 Bg5 24. d6 Qd7 25. Nxg5 hxg5 26. Qg3 f6 27. Rac1 Rbc8 28. Ne2 Rxc1 29. Rxc1 fxe5 30. Qxe5 Qxd6 31. Qxd6 Rxd6 32. Nc3 Rd2 33. Nd1 Bd5 34. h3 Bb3 35. Ne3 Rxb2 36. Rc6 a5 37. Rc5 Bd5 38. Nxd5 exd5 39. Rxd5 b4 40. axb4 axb4 41. Rb5 b3 42. g3 Kf7 43. Rxg5 Rc2 44. Kg2 Ke6 45. Rxg7 Kd5 46. Rb7 Kc4 47. h4 b2 48. h5 Kc3 49. h6 Rc1 50. h7 b1=Q 51. Rxb1 Rxb1 52. h8=Q+   {Black resigns} 1-0

[Event "Team 45 45 League T28"]
[Site "Free Internet Chess Server"]
[Date "2005.10.17"]
[Round "5"]
[White "generalkaia"]
[Black "CleverBanana"]
[Result "1-0"]
[WhiteElo "1671"]
[BlackElo "1581"]
[TimeControl "2700+45"]

1. e4 c5 2. Nf3 Nc6 3. d4 cxd4 4. Nxd4 g6 5. Nc3 Bg7 6. Be3 Nf6 7. Bc4 O-O 8. Bb3 b6 9. O-O Bb7 10. Re1 e6 11. Bg5 Qc7 12. Ncb5 Qe5 13. f4 Qb8 14. e5 Ne8 15. Qg4 Nc7 16. Nxc6 dxc6 17. Nd6 Nb5 18. Be7 Nxd6 19. Bxd6   {Black resigns} 1-0

[Event "Team 45 45 League T28"]
[Site "Free Internet Chess Server"]
[Date "2005.10.14"]
[Round "5"]
[White "TGV"]
[Black "Nemisis"]
[Result "1-0"]
[WhiteElo "1727"]
[BlackElo "1875"]
[TimeControl "2700+45"]

1. d4 Nf6 2. c4 e6 3. Nc3 Bb4 4. Qc2 c5 5. a3 Bxc3+ 6. Qxc3 cxd4 7. Qxd4 Nc6 8. Qd6 Ne4 9. Qf4 Qa5+ 10. Bd2 Nxd2 11. Qxd2 Qxd2+ 12. Kxd2 d6 13. Nf3 Na5 14. Kc3 Bd7 15. e3 Rc8 16. Kb4 Rc5 17. Nd2 f5 18. Nb3 Nxb3 19. Kxb3 Ke7 20. Be2 Rhc8 21. Rhd1 g5 22. Rd2 e5 23. Rad1 R5c6 24. Ka2 Be6 25. b3 b5 26. cxb5 Rc2+ 27. Kb1 Bxb3 28. Bd3 Rxd2 29. Rxd2 e4 30. Be2 g4 31. Kb2 Be6 32. Rc2 Rxc2+ 33. Kxc2 Kd7 34. Kc3 Kc7 35. a4 Kb6 36. Kb4 h5 37. a5+ Kb7 38. Bc4 Bd7 39. g3 Kc7 40. Bf7 Kb7 41. Bxh5 Be6 42. Be8 Kc7 43. Bc6 a6 44. Kc3 axb5 45. Bxb5 Kb7 46. Kd4 Kc7 47. Bc4 Bd7 48. Kd5 Bc8 49. Bb5 Bb7+ 50. Ke6 Bc8+ 51. Kf6 Kd8 52. Bc4   {Black resigns} 1-0

[Event "Team 45 45 League T28"]
[Site "Free Internet Chess Server"]
[Date "2005.10.18"]
[Round "5"]
[White "MStav"]
[Black "danijelo"]
[Result "0-1"]
[WhiteElo "1702"]
[BlackElo "1817"]
[TimeControl "2700+45"]

1. Nf3 d5 2. c4 c6 3. e3 Nf6 4. d4 e6 5. Nc3 Nbd7 6. Bd3 a6 7. O-O dxc4 8. Bxc4 Be7 9. b3 b5 10. Bd3 c5 11. Bb2 Bb7 12. Rc1 O-O 13. Re1 Qb6 14. dxc5 Nxc5 15. Bf1 Rfd8 16. Qc2 Rac8 17. Qb1 b4 18. Ne2 Be4 19. Qa1 Nd3 20. Rxc8 Rxc8 21. Rd1 Nxf2 22. Bd4 Bc5 23. Kxf2 Ng4+ 24. Kg1 Nxe3 25. Bxc5 Qxc5 26. Rc1 Nc2+ 27. Kh1 Nxa1 28. Rxc5 Rxc5 29. Ned4 Nc2 30. Bc4 Nxd4 31. Nxd4 Bd3 32. Kg1 Bxc4 33. bxc4 Rxc4 34. Nb3 Kf8 35. Kf2 Rc3 36. g4 Rc2+   {White resigns} 0-1

[Event "Team 45 45 League T28"]
[Site "Free Internet Chess Server"]
[Date "2005.10.14"]
[Round "5"]
[White "MGoo"]
[Black "BIRDSMAN"]
[Result "1-0"]
[WhiteElo "1762"]
[BlackElo "1662"]
[TimeControl "2700+45"]

1. d4 d5 2. c4 dxc4 3. Nf3 Nf6 4. e3 e6 5. Bxc4 Bb4+ 6. Bd2 Qe7 7. Qa4+ Nc6 8. Ne5 Bxd2+ 9. Nxd2 Bd7 10. Nxd7 Qxd7 11. Bb5 O-O 12. Rc1 Rab8 13. b3 Nd5 14. Bxc6 bxc6 15. a3 Ne7 16. O-O Ra8 17. Nf3 Qd5 18. Rc5 Qd6 19. Ne5 Rfb8 20. Nxc6 Nxc6 21. Rxc6 Qd7 22. Rfc1 Rb7 23. Qc4 Rc8 24. b4 Qe7 25. Qa6 Rcb8 26. Qc4 Rc8 27. Qd3 h6 28. Qe4 Rcb8 29. Qe5 Rc8 30. d5 Rb5 31. R1c5 Rxc5 32. Rxc5 Qd8 33. g3 exd5 34. Rxd5 Qf8 35. Rc5 Qd8 36. Qc3 Qd1+ 37. Kg2 Qa4 38. Ra5 Qd1 39. Rxa7 Qd5+ 40. f3 Qa2+ 41. Kh3 Qe6+ 42. g4 h5 43. Qd4 hxg4+ 44. Qxg4 f5 45. Qf4 Kh8 46. Ra5 Rf8 47. Rc5 Qa6 48. Rxc7 Qf1+ 49. Kh4 Qf2+ 50. Qg3 g5+ 51. Kh5 Qxe3 52. Qxg5 Qxf3+ 53. Kh6 Qh3+ 54. Qh5 Qe3+ 55. Kg6+   {Black resigns} 1-0

[Event "Team 45 45 League T28"]
[Site "Free Internet Chess Server"]
[Date "2005.10.13"]
[Round "5"]
[White "twinders"]
[Black "Pieris"]
[Result "0-1"]
[WhiteElo "1649"]
[BlackElo "1573"]
[TimeControl "2700+45"]

1. d4 f5 2. g3 Nf6 3. Bg2 g6 4. Nf3 Bg7 5. O-O O-O 6. Bf4 d6 7. Re1 Nc6 8. c3 Nh5 9. Bd2 e5 10. dxe5 dxe5 11. e3 e4 12. Nd4 Ne5 13. Qb3+ Kh8 14. Na3 Nd3 15. Red1 Nf6 16. Bf1 Ne5 17. Be1 Qe7 18. Be2 a6 19. Nc4 Nf7 20. Nd2 c5 21. Nc2 Ne5 22. a4 Be6 23. Bc4 Bxc4 24. Nxc4 Nf3+ 25. Kg2 Ng4 26. h3 Nge5 27. Nxe5 Bxe5 28. c4 Kg8 29. Bc3 Bb8 30. Ne1 g5 31. Nxf3 exf3+ 32. Kxf3 g4+ 33. Kg2 Qe4+ 34. Kh2 Qf3 35. Rd2 h5 36. h4 Re8 37. Re1 Bc7 38. Ree2 f4 39. gxf4 Bxf4+ 40. exf4 Rxe2 41. Rxe2 Qxe2 42. Qxb7 Qxf2+ 43. Kh1 Qf3+ 44. Qxf3 gxf3 45. Kg1 Re8 46. Kf2 Re4 47. b3 Rxf4 48. Be5 Rf5 49. Bg3 Kf7 50. Ke3 Ke6 51. Bf4 Rxf4 52. Kxf4 f2   {White resigns} 0-1

[Event "Team 45 45 League T28"]
[Site "Free Internet Chess Server"]
[Date "2005.10.16"]
[Round "5"]
[White "ryoshu"]
[Black "Louro"]
[Result "0-1"]
[WhiteElo "1908"]
[BlackElo "1983"]
[TimeControl "2700+45"]

1. e4 c5 2. Nc3 Nc6 3. g3 g6 4. Bg2 Bg7 5. d3 d6 6. f4 e6 7. Nf3 Nge7 8. Be3 O-O 9. O-O Rb8 10. Qd2 Nd4 11. Nd1 b5 12. c3 Nxf3+ 13. Bxf3 b4 14. g4 bxc3 15. bxc3 Ba6 16. Nf2 Qa5 17. Rac1 Qa3 18. c4 Rb2 19. Rc2 Rfb8 20. Rfc1 Rxc2 21. Rxc2 Rb1+ 22. Kg2 Bb7 23. Nd1 Ra1 24. h4 Nc6 25. Qe2 Nb4 26. Rd2 Nxa2 27. e5 Nc1 28. Qf1 d5 29. h5 d4 30. Bg1 Ra2 31. Rxa2 Qxa2+ 32. Nf2 Qd2 33. Bxb7 gxh5 34. gxh5 a5 35. Be4 a4 36. Qd1 Qxd1 37. Nxd1 a3   {White resigns} 0-1

[Event "Team 45 45 League T28"]
[Site "Free Internet Chess Server"]
[Date "2005.10.15"]
[Round "5"]
[White "mandragora"]
[Black "Motyl"]
[Result "0-1"]
[WhiteElo "1833"]
[BlackElo "1863"]
[TimeControl "2700+45"]

1. e4 c5 2. Nf3 d6 3. d4 cxd4 4. Nxd4 Nf6 5. Nc3 Nc6 6. Be3 e6 7. f3 Be7 8. Qd2 a6 9. O-O-O Qc7 10. g4 O-O 11. g5 Nd7 12. h4 b5 13. h5 b4 14. Na4 a5 15. g6 Nxd4 16. Bxd4 e5 17. Be3 Bb7 18. Bd3 Bc6 19. h6 hxg6 20. hxg7 Kxg7 21. Bh6+ Kg8 22. Qh2 Bf6 23. Bg7 Bg5+ 24. Kb1 Kxg7 25. Qh7+ Kf6 26. f4 exf4 27. b3 Rh8 28. Qxh8+ Rxh8 29. Rxh8 Bxa4 30. bxa4 Nc5   {White resigns} 0-1

[Event "Team 45 45 League T28"]
[Site "Free Internet Chess Server"]
[Date "2005.10.15"]
[Round "5"]
[White "NBZ"]
[Black "nitedozer"]
[Result "1-0"]
[WhiteElo "1913"]
[BlackElo "1904"]
[TimeControl "2700+45"]

1. d4 d6 2. c4 e5 3. dxe5 dxe5 4. Qxd8+ Kxd8 5. Nc3 c6 6. Nf3 f6 7. b3 Be6 8. Bb2 Nd7 9. O-O-O Kc7 10. e3 Nh6 11. h3 Nf7 12. Be2 Be7 13. Ne1 a5 14. Nc2 Nb6 15. e4 a4 16. Bg4 Bxg4 17. hxg4 axb3 18. axb3 h6 19. f3 Ng5 20. Ne3 Ne6 21. Nf5 Bc5 22. Ne2 Rhd8 23. Kc2 Rxd1 24. Rxd1 Rd8 25. Rxd8 Kxd8 26. Bc3 Bf8 27. Ba5 Bc5 28. b4   {Black resigns} 1-0

[Event "Team 45 45 League T28"]
[Site "Free Internet Chess Server"]
[Date "2005.10.14"]
[Round "5"]
[White "noHz"]
[Black "Thalagor"]
[Result "0-1"]
[WhiteElo "1878"]
[BlackElo "1870"]
[TimeControl "2700+45"]

1. e4 g5 2. d4 d5 3. e5 g4 4. Be2 f5 5. h3 h5 6. hxg4 fxg4 7. Bd3 Be6 8. Bg6+ Bf7 9. Qd3 e6 10. Qb5+ Nc6 11. Bxf7+ Kxf7 12. Ne2 a6 13. Qd3 Nb4 14. Qb3 a5 15. c3 Nd3+ 16. Kd2 Nxc1 17. Kxc1 a4 18. Qxb7 Bh6+ 19. Kc2 Rb8 20. Qa6 Rb6 21. Qxa4 Qg5 22. Qd7+ Ne7 23. Qxc7 Rhb8 24. b4 R8b7 25. Qd8 Qf5+ 26. Kd1 Rxb4 27. cxb4 Rxb4 28. Nbc3 Qd3+ 29. Ke1 Bd2+ 30. Kf1 Bxc3 31. Rc1 Rb2 32. Kg1 Qxe2 33. Rf1 Bxd4 34. Rxh5 Bxf2+ 35. Kh2 g3+   {White resigns} 0-1

[Event "Team 45 45 League T28"]
[Site "Free Internet Chess Server"]
[Date "2005.10.16"]
[Round "5"]
[White "nham"]
[Black "motaka"]
[Result "0-1"]
[WhiteElo "1863"]
[BlackElo "1857"]
[TimeControl "2700+45"]

1. e4 e6 2. d4 d5 3. Nc3 Nf6 4. e5 Nfd7 5. f4 c5 6. Nf3 Nc6 7. Be3 a6 8. Qd2 b5 9. dxc5 Bxc5 10. Bxc5 Nxc5 11. Qf2 Qb6 12. Bd3 Rb8 13. O-O O-O 14. Kh1 f6 15. Qe3 d4 16. Nxd4 Nxd3 17. Qxd3 Qxd4 18. Qf3 Bb7 19. Rad1 Qb4 20. Qg3 fxe5 21. Rd7 Rf7 22. a3 Qc4   {White resigns} 0-1